 Dungeon Crawl Stone Soup version 0.31-a0-1074-g0b22e4e0f1 (webtiles) character file.

Game seed: 8444373854580517591

4949 lunkers the Martial Artist (level 11, 0/91 HPs)
             Began as a Meteoran Shapeshifter on Dec 1, 2023.
             Was an Initiate of Gozag.
             Slain by a wight
             ... wielding a +0 halberd
              (6 damage)
             ... on level 8 of the Dungeon.
             The game lasted 00:11:54 (4777 turns).

lunkers the Martial Artist (Meteoran Shapeshifter)  Turns: 4777, Time: 00:11:55

Health: 0/91       AC:  6    Str: 23    XL:     11   Next: 8%
Magic:  12/12      EV: 15    Int: 11    God:    Gozag
Gold:   1940       SH:  0    Dex: 18    Spells: 10/10 levels left

rFire   . .          .
                       - Unarmed
rCold   . . .        (no shield)
rNeg    . . .        i - +1 ring mail
rPois   .            (helmet currently unavailable)
rElec   .            (cloak currently unavailable)
rCorr   .            (gloves currently unavailable)
SInv    .            (boots currently unavailable)
Will    +....        (no amulet)
Stlth   +            j - +6 ring of strength
HPRegen 0.35/turn    (no ring)
MPRegen 0.13/turn

%: no passive effects
@: beast-form, gold aura, slowed, glowing, very slow
A: beast (slay +4), sense surroundings 2, otherworldly, glowing, explore regen
a: Begin Untransformation, Renounce Religion, Potion Petition, Call Merchant,
Bribe Branch


You were on level 8 of the Dungeon.
You worshipped Gozag.
Gozag was most pleased with you.
You were a hulking beast.
You visited 2 branches of the dungeon, and saw 10 of its levels.
You also visited: Sewer and Ossuary.

You collected 2018 gold pieces.
You paid 78 gold pieces to Gozag.

Inventory:

Armour
 a - a +0 animal skin
 i - a +1 ring mail (worn)
 k - a +0 pair of boots
 n - a +0 cloak
Jewellery
 j - a +6 ring of strength (left hand)
 u - a ring of flight
Talismans
 c - a beast talisman
 d - a flux talisman
Wands
 p - a wand of iceblast (6)
 v - a wand of paralysis (16)
 A - a wand of flame (17)
Scrolls
 b - a scroll of fog
 e - 4 scrolls of identify
 g - 2 scrolls of summoning
 o - 3 scrolls of blinking
 r - a scroll of vulnerability
 t - 2 scrolls of teleportation
 B - a scroll of enchant armour
Potions
 f - 3 potions of curing
 h - a potion of berserk rage
 l - 3 potions of heal wounds
 m - a potion of attraction
 q - a potion of magic
 s - a potion of mutation
 x - a potion of enlightenment
 z - 2 potions of lignification


   Skills:
 + Level 6.4 Fighting
 + Level 6.7 Dodging
 * Level 12.9 Unarmed Combat
 + Level 8.9 Shapeshifting


You had 10 spell levels left.
You didn't know any spells.
Your spell library contained the following spells:

 Spells                   Type           Power      Damage    Failure   Level
 Necrotise                Necr           0%         1d4       50%         1
 Vampiric Draining        Necr           0%         2d6       86%         3
 Agony                    Necr           0%         N/A       100%        5


Dungeon Overview and Level Annotations

Branches:
Dungeon (9/15) Zot: 1356   Temple (1/1) D:5 Zot: 522   Sewer (visited)
Ossuary (visited)
   Lair: D:8-11         Orc: D:9-12

Altars:
Ashenzari
Cheibriados
Dithmenos
Elyvilon
Fedhas
Gozag
Hepliaklqana
Kikubaaqudgha
Makhleb
Nemelex Xobeh
Okawaru
Qazlal
Ru
Sif Muna
Uskayaw
Vehumet
Wu Jian
Xom
Yredelemnul
Zin
The Shining One


Innate Abilities, Weirdness & Mutations

You are a hulking beast.
Your limbs bulge with bestial killing power. (Slay +4)
You passively map the area around you.
You are easily found by Zot.
You glow in the dark.
You regain HP and MP as you explore.


Message History

The mass of ice explodes!
The iceblast engulfs you!
You hear a howl! x2
Joseph shoots a sling bullet.
The sling bullet closely misses you.
Joseph unwields a +3 sling.
Joseph wields a +0 quarterstaff.
Joseph hits you with a +0 quarterstaff!!
Joseph hits you with a +0 quarterstaff!
* * * LOW HITPOINT WARNING * * *
You barely miss Joseph.
Joseph hits you with a +0 quarterstaff!!
* * * LOW HITPOINT WARNING * * *
You pummel Joseph!!
Joseph is moderately wounded.
A wight comes into view. It is wielding a +0 halberd.
Joseph closely misses you.
You pummel Joseph!!
Joseph is severely wounded.
A jelly comes into view.
Joseph hits you but does no damage.
The jelly quivers.
You hit Joseph. Your punch misses Joseph.
Joseph is severely wounded.
A wight comes into view. It is wielding a +4 dagger.
Joseph closely misses you.
The wight moves out of view.
A wight comes into view. It is wielding a +0 dire flail.
You pummel Joseph!!
Joseph is almost dead.
Joseph hits you with a +0 quarterstaff!
* * * LOW HITPOINT WARNING * * *
The wight moves out of view.
You hit Joseph but do no damage.
Joseph is almost dead.
Joseph hits you with a +0 quarterstaff.
* * * LOW HITPOINT WARNING * * *
Joseph hits you with a +0 quarterstaff!
* * * LOW HITPOINT WARNING * * *
You pummel Joseph!!
You kill Joseph!
The wight hits you from afar with a +0 halberd.
You die...
Your body crumbles into a pile of gold.

, ,, * *,* , ,
..######## *, ,
, ..#......# *
, ,,........# *
, z#z.....# * *
* #.J....#
#..z...#
#.....$# * *
#....h.# *
#......# * *
#......# ,*
#......# *
#....$.# *
####.#>......*
#.#.###########
#.#.# #....>..#
#.#.# #.#####.#


You could see a jelly and 2 wights.

Vanquished Creatures
  Erica (D:8)
  Joseph (D:8)
  Grinder (D:3)
  2 wraiths (Ossuary)
  Menkaure (D:7)
  2 steam dragons (D:7)
  Duvessa (D:5)
  2 water moccasins (D:7)
  2 ice beasts
  2 black bears
  2 sky beasts (D:7)
  A centaur (D:8)
  6 bullfrogs
  A gnoll sergeant (D:5)
  5 scorpions
  13 wights
  7 killer bees (D:7)
  Dowan (D:5)
  3 howler monkeys
  2 hounds
  A jelly (D:6)
  An orc priest (D:7)
  A sleepcap (D:8)
  3 iguanas
  An orc wizard (D:7)
  14 gnolls
  19 adders
  2 white imps
  An adder zombie (Ossuary)
  2 worms
  A dart slug (D:2)
  10 orcs
  10 ball pythons
  13 endoplasms
  12 giant cockroaches
  7 goblins
  12 hobgoblins
  6 jackals
  5 kobolds
  16 quokkas
  13 bats
  12 frilled lizards
  3 hobgoblin skeletons (Ossuary)
  3 hobgoblin zombies (Ossuary)
  A kobold zombie (Ossuary)
  An orc skeleton (Ossuary)
  2 quokka zombies (D:7)
  9 rats
237 creatures vanquished.

Notes
Turn   | Place    | Note
-------+----------+-------------------------------------------
     0 | D:1      | lunkers the Meteoran Shapeshifter began the quest for the
                  | Orb.
     0 | D:1      | Reached XP level 1. HP: 16/16 MP: 2/2
    60 | D:1      | Reached XP level 2. HP: 22/23 MP: 3/3
    65 | D:1      | Reached skill level 4 in Unarmed Combat
   240 | D:1      | Reached XP level 3. HP: 28/28 MP: 4/4
   615 | D:2      | Reached XP level 4. HP: 35/35 MP: 5/5
   713 | D:2      | Reached skill level 5 in Unarmed Combat
   837 | D:2      | Reached XP level 5. HP: 40/40 MP: 6/6
   874 | D:2      | Reached skill level 6 in Unarmed Combat
  1060 | D:3      | Found a glowing drain.
  1083 | Sewer    | Entered a sewer
  1100 | Sewer    | Reached XP level 6. HP: 32/47 MP: 7/7
  1242 | Sewer    | Reached skill level 5 in Shapeshifting
  1382 | Sewer    | Reached skill level 7 in Unarmed Combat
  1385 | Sewer    | Reached XP level 7. HP: 31/52 MP: 8/8
  1403 | Sewer    | Identified a scroll of acquirement
  1403 | Sewer    | Acquired 1111 gold pieces
  1520 | D:3      | Noticed Grinder
  1532 | D:3      | Killed Grinder
  1533 | D:3      | Reached skill level 8 in Unarmed Combat
  1732 | D:4      | Reached XP level 8. HP: 56/59 MP: 9/9
  2067 | D:5      | Entered Level 5 of the Dungeon
  2084 | D:5      | Noticed Dowan
  2090 | D:5      | Noticed Duvessa
  2100 | D:5      | Killed Duvessa
  2112 | D:5      | Killed Dowan
  2113 | D:5      | Reached skill level 9 in Unarmed Combat
  2496 | D:5      | Found a staircase to the Ecumenical Temple.
  2504 | Temple   | Entered the Ecumenical Temple
  2568 | Temple   | Became a worshipper of Gozag Ym Sagoz the Greedy
  2854 | D:6      | Gained mutation: You passively map the area around you.
                  | [Meteoran growth]
  2854 | D:6      | Reached XP level 9. HP: 43/69 MP: 10/10
  2934 | D:6      | Reached skill level 10 in Unarmed Combat
  3504 | D:7      | Reached skill level 5 in Dodging
  3504 | D:7      | Reached skill level 11 in Unarmed Combat
  3514 | D:7      | Reached XP level 10. HP: 40/79 MP: 11/11
  3677 | D:7      | Reached skill level 5 in Fighting
  3825 | D:7      | Found a sand-covered staircase.
  3842 | Ossuary  | Entered an ossuary
  4044 | Ossuary  | Reached skill level 12 in Unarmed Combat
  4369 | D:7      | Noticed Menkaure
  4373 | D:7      | Killed Menkaure
  4760 | D:8      | Noticed Erica
  4763 | D:8      | Noticed Joseph
  4765 | D:8      | Killed Erica
  4766 | D:8      | Reached XP level 11. HP: 76/91 MP: 12/12
  4777 | D:8      | Killed Joseph
  4777 | D:8      | Slain by a wight

Illustrated notes

Levels and vault maps discovered:
D:1:      giann_bridges, layout_basic
D:2:      minmay_razor_zed, layout_basic
D:3:      layout_basic, mainiacjoe_sewer_entry_somewhere_in_here_1, uniq_grinder
D:4:      layout_basic, minmay_cupped
D:5:      layout_basic, temple_statues, uniq_duvessa
D:6:      old_forge, layout_basic
D:7:      layout_basic, enter_ossuary_4, minmay_quadrilaterals, uniq_menkaure
D:8:      layout_basic, gammafunk_ghost_split, uniq_erica, uniq_joseph
D:9:      layout_rooms
Temple:   mainiacjoe_temple_trianglar_array

Skill      XL: |  1  2  3  4  5  6  7  8  9 10 |
---------------+-------------------------------+-----
Unarmed Combat | 4 5 6 7 8 9 11 12 | 12.9
Shapeshifting  | 4 5 6 7 8 |  8.9
Fighting       | 3 4 6 |  6.4
Dodging        | 3 5 6 |  6.7

Action                     |  1- 3 |  4- 6 |  7- 9 | 10-12 || total
---------------------------+-------+-------+-------+-------++-------
  Melee: Unarmed           |    68 |   248 |   235 |   150 ||   701
         Punch             |     2 |     6 |    11 |     9 ||    28
  Evoke: Wand              |       |       |       |     1 ||     1
    Use: Scroll            |       |       |    12 |     6 ||    18
         Potion            |       |       |     3 |     1 ||     4
   Stab: Paralysed         |       |       |       |     2 ||     2
         Distracted        |       |       |       |     1 ||     1
 Armour: Animal skin       |    12 |       |       |       ||    12
         Ring mail         |    18 |   150 |    98 |    74 ||   340
         Skin              |       |       |    55 |       ||    55
  Dodge: Dodged            |    27 |   122 |   146 |    68 ||   363

Table legend: (Time is in decaauts)
 A = Elapsed time spent in this place.
 B = Non-inter-level travel time spent in this place.
 C = Inter-level travel time spent in this place.
 D = Time resting spent in this place.
 E = Time spent auto-exploring this place.
 F = Levels seen in this place.
 G = Mean time per level.
                   A        B        C        D        E       F      G
               +--------+--------+--------+--------+--------+-----+--------+
         Total |   4766 |   4659 |    107 |     64 |   2965 |  12 |  397.2 |
       Dungeon |   4042 |   3966 |     76 |     55 |   2674 |   9 |  449.1 |
        Temple |     77 |     46 |     31 |      0 |      0 |   1 |   77.0 |
         Sewer |    384 |    384 |      0 |      0 |    126 |   1 |  384.0 |
       Ossuary |    262 |    262 |      0 |      9 |    164 |   1 |  262.0 |
               +--------+--------+--------+--------+--------+-----+--------+

Top non-repeatable levels by time:
     D:7: 886 daAuts
     D:2: 737 daAuts
     D:6: 679 daAuts
     D:5: 585 daAuts
     D:4: 416 daAuts
   Sewer: 384 daAuts
     D:3: 313 daAuts
 Ossuary: 262 daAuts
     D:1: 249 daAuts
     D:8: 168 daAuts
  Temple: 77 daAuts
     D:9: 6 daAuts
